 Dungeon Crawl Stone Soup version 0.32-a0-39-g5c88369fb2 (webtiles) character file.

Game seed: 6480930340368460552

414 Snipperlap the Slicer (level 6, -1/47 HPs)
             Began as a Gnoll Wanderer on Jan 29, 2024.
             Slain by a white imp (2 damage)
             ... on level 7 of the Dungeon.
             The game lasted 00:29:26 (3490 turns).

Snipperlap the Slicer (Gnoll Wanderer)              Turns: 3490, Time: 00:29:27

Health: -1/47      AC:  9    Str: 10    XL:     6   Next: 91%
Magic:  18/18      EV:  6    Int: 10    God:
Gold:   176        SH:  0    Dex: 16    Spells: 9/9 levels left

rFire   . . .        k - +0 war axe
rCold   . . .        (no shield)
rNeg    . . .        u - +0 chain mail
rPois   .            (no helmet)
rElec   .            (no cloak)
rCorr   .            (no gloves)
SInv    .            (no boots)
Will    .....        (no amulet) Stlth
                     h - ring of magical power
HPRegen 0.27/turn    (no ring)
MPRegen 0.16/turn

%: no passive effects
@: no status effects
A: fangs 1, strong nose, distributed training
a: no special abilities


You were on level 7 of the Dungeon.
You visited 1 branch of the dungeon, and saw 5 of its levels.

You collected 176 gold pieces.

Inventory:

Hand Weapons
 a - a +0 rapier
 i - a +0 whip
 k - a +0 war axe (weapon)
 v - a +0 quarterstaff
 B - a +0 flail
Missiles
 n - 35 stones
 A - 3 poisoned darts
Armour
 e - a +0 hat
 u - a +0 chain mail (worn)
 y - a +0 scale mail
Magical Staves
 m - a staff of cold
Jewellery
 h - a ring of magical power (left hand)
Wands
 c - a wand of flame (23) (quivered)
Scrolls
 b - a scroll of silence
 d - a scroll of fog
 g - 2 scrolls of blinking {unknown}
 j - 2 scrolls of identify {unknown}
 p - 2 scrolls of enchant armour {unknown}
 q - a scroll of fear {unknown}
 s - a scroll of teleportation
 w - 2 scrolls of amnesia {unknown}
 x - a scroll of immolation {unknown}
 z - a scroll of enchant weapon {unknown}
Potions
 l - a potion of invisibility {unknown}
 r - a potion of might {unknown}
 t - a potion of ambrosia {unknown}


   Skills:
 + Level 3.4 Fighting
 + Level 10.7 Short Blades
 + Level 2.2 Long Blades
 + Level 2.2 Axes
 + Level 2.2 Maces & Flails
 + Level 2.2 Polearms
 + Level 2.2 Staves
 + Level 2.2 Ranged Weapons
 + Level 2.2 Throwing
 + Level 3.4 Armour
 + Level 2.2 Dodging
 + Level 4.7 Stealth
 + Level 2.2 Shields
 + Level 2.2 Unarmed Combat
 + Level 2.2 Spellcasting
 + Level 1.8 Conjurations
 + Level 1.8 Hexes
 + Level 1.8 Summonings
 + Level 1.8 Necromancy
 + Level 1.8 Translocations
 + Level 1.8 Fire Magic
 + Level 1.8 Ice Magic
 + Level 1.8 Air Magic
 + Level 1.8 Earth Magic
 + Level 1.8 Alchemy
 + Level 2.5 Invocations
 + Level 3.4 Evocations
 + Level 2.0 Shapeshifting


You had 9 spell levels left.
You didn't know any spells.
Your spell library contained the following spells:

 Spells                   Type           Power      Damage    Failure   Level
 Inner Flame              Hex/Fire       4%         N/A       100%        3
 Summon Blazeheart Golem  Fire/Summ      4%         N/A       100%        4
 Fire Storm               Conj/Fire      2%         8d1       100%        9


Dungeon Overview and Level Annotations

Branches:
Dungeon (7/15)
 Temple: D:4-7

Altars:
Ashenzari
Vehumet


Innate Abilities, Weirdness & Mutations

You have very sharp teeth.
Your uncanny sense of smell can sniff out nearby items.
Your experience applies equally to all skills.


Message History

The orc priest mumbles some strange prayers to Beogh against you.
Beogh smites you!
As you read the scroll of fog, it dissolves into smoke.
A white imp comes into view.
The white imp shouts!
The white imp barely misses you.
You closely miss the white imp. The white imp gestures at you.
The puff of frost hits you!
* * * LOW HITPOINT WARNING * * *
You hit the white imp.
The white imp is lightly wounded.
The white imp hits you but does no damage.
You hit the white imp.
The white imp is heavily wounded.
The white imp gestures at you. The puff of frost hits you.
* * * LOW HITPOINT WARNING * * *
The white imp hits you but does no damage.
The orc priest hits you with a +0 hand axe.
* * * LOW HITPOINT WARNING * * *
You hit the white imp.
The white imp is almost dead.
You hit the orc priest but do no damage.
The white imp hits you but does no damage.
The orc priest hits you but does no damage.
You barely miss the white imp.
The white imp is almost dead.
You hit the orc priest but do no damage.
The white imp barely misses you. The orc priest barely misses you.
The white imp hits you but does no damage.
You hit the white imp but do no damage.
The white imp is almost dead.
You closely miss the orc priest.
The orc priest hits you with a +0 hand axe!
* * * LOW HITPOINT WARNING * * *
The white imp hits you.
* * * LOW HITPOINT WARNING * * *
The white imp freezes you.
You die...

#.# #§# #.# #§#
#o# #§# #.# #§#
#.# #§# #.# #.#
#.# #o# #.# #o#
#.# #@# #o# #5#
#o# #.# #.# #.#
#.#######.#
########.........#
..oo...$.!########
########.## #.#


You could see an orc priest, a white imp and an orc.

Vanquished Creatures
  A water moccasin (D:6)
  An ice beast (D:7)
  A scorpion (D:6)
  An orc priest (D:3)
  An orc wizard (D:7)
  A gnoll (D:6)
  2 adders (D:2)
  5 orcs
  6 ball pythons
  7 bats
  7 endoplasms
  3 giant cockroaches
  5 goblins
  7 hobgoblins
  5 jackals (D:1)
  4 kobolds
  6 quokkas (D:3)
  3 frilled lizards
  4 rats
70 creatures vanquished.

Notes
Turn   | Place    | Note
-------+----------+-------------------------------------------
     0 | D:1      | Reached skill level 10 in Short Blades
     0 | D:1      | Snipperlap the Gnoll Wanderer began the quest for the Orb.
     0 | D:1      | Snipperlap set off with the following items: a +0 rapier, a
                  | scroll of silence, a wand of flame (6), a scroll of fog, a
                  | +0 robe.
     0 | D:1      | Reached XP level 1. HP: 17/17 MP: 1/1
   138 | D:1      | Found a faded altar of an unknown god.
   176 | D:1      | Reached XP level 2. HP: 23/23 MP: 2/2
   553 | D:1      | Got Opnaong's Spellbook of the Torch
   954 | D:2      | Reached XP level 3. HP: 26/28 MP: 3/3
  1028 | D:2      | Reached skill level 1 in Invocations
  1252 | D:2      | Reached skill level 1 in Long Blades
  1252 | D:2      | Reached skill level 1 in Axes
  1252 | D:2      | Reached skill level 1 in Maces & Flails
  1252 | D:2      | Reached skill level 1 in Polearms
  1252 | D:2      | Reached skill level 1 in Staves
  1252 | D:2      | Reached skill level 1 in Ranged Weapons
  1252 | D:2      | Reached skill level 1 in Throwing
  1252 | D:2      | Reached skill level 1 in Dodging
  1252 | D:2      | Reached skill level 1 in Shields
  1252 | D:2      | Reached skill level 1 in Unarmed Combat
  1252 | D:2      | Reached skill level 1 in Spellcasting
  1310 | D:2      | Reached skill level 1 in Shapeshifting
  1310 | D:2      | Reached XP level 4. HP: 31/34 MP: 5/5
  2654 | D:3      | Found a glowing drain.
  2671 | D:3      | Reached skill level 1 in Conjurations
  2671 | D:3      | Reached skill level 1 in Hexes
  2671 | D:3      | Reached skill level 1 in Summonings
  2671 | D:3      | Reached skill level 1 in Necromancy
  2671 | D:3      | Reached skill level 1 in Translocations
  2671 | D:3      | Reached skill level 1 in Fire Magic
  2671 | D:3      | Reached skill level 1 in Ice Magic
  2671 | D:3      | Reached skill level 1 in Air Magic
  2671 | D:3      | Reached skill level 1 in Earth Magic
  2671 | D:3      | Reached skill level 1 in Alchemy
  2954 | D:3      | Reached XP level 5. HP: 33/40 MP: 7/7
  3016 | D:3      | Found a broken altar of Ashenzari.
  3032 | D:3      | Found a radiant altar of Vehumet.
  3207 | D:3      | You fall into a shaft and drop 3 floors!
  3216 | D:6      | Noticed a water moccasin
  3232 | D:6      | Killed a water moccasin
  3233 | D:6      | Reached XP level 6. HP: 5/47 MP: 8/8
  3309 | D:6      | Noticed a water moccasin
  3334 | D:6      | Noticed an ice beast
  3364 | D:7      | Killed an ice beast
  3490 | D:7      | HP: 2/47 [orc priest/+0 hand axe (7)]
  3490 | D:7      | Slain by a white imp

Illustrated notes

Levels and vault maps discovered:
D:1:      tekkud_arrival_beachfront_property, layout_basic,
          hellmonk_ecumenical_altar_lost_god
D:2:      layout_loops_ring, grunt_decor_mini_mirrors
D:3:      layout_loops_ring, nicolae_overflow_squiral, portal_sewer_entry_f
D:6:      layout_basic, hangedman_abyss_or_decor_lesser_grid
D:7:      layout_loops_ring, nicolae_ru_path_of_blood

Skill      XL: |  1  2  3  4  5  6 |
---------------+-------------------+-----
Short Blades   | | 10.7
Invocations    | 1 2 |  2.5
Long Blades    | 1 2 |  2.2
Axes           | 1 2 |  2.2
Maces & Flails | 1 2 |  2.2
Polearms       | 1 2 |  2.2
Staves         | 1 2 |  2.2
Ranged Weapons | 1 2 |  2.2
Throwing       | 1 2 |  2.2
Dodging        | 1 2 |  2.2
Shields        | 1 2 |  2.2
Unarmed Combat | 1 2 |  2.2
Spellcasting   | 1 2 |  2.2
Shapeshifting  | 1 2 |  2.0
Conjurations   | 1 |  1.8
Hexes          | 1 |  1.8
Summonings     | 1 |  1.8
Necromancy     | 1 |  1.8
Translocations | 1 |  1.8
Fire Magic     | 1 |  1.8
Ice Magic      | 1 |  1.8
Air Magic      | 1 |  1.8
Earth Magic    | 1 |  1.8
Alchemy        | 1 |  1.8
Fighting       | 3 |  3.4
Armour         | 3 |  3.4
Evocations     | 3 |  3.4
Stealth        | |  4.7

Action                     |  1- 3 |  4- 6 || total
---------------------------+-------+-------++-------
  Melee: Rapier            |    91 |    31 ||   122
         Bite              |     9 |    20 ||    29
         Punch             |     2 |     2 ||     4
         War axe           |       |   112 ||   112
    Use: Potion            |       |     3 ||     3
         Scroll            |       |     4 ||     4
   Stab: Sleeping          |     2 |       ||     2
         Distracted        |     1 |       ||     1
 Armour: Robe              |     5 |       ||     5
         Ring mail         |    36 |     2 ||    38
         Chain mail        |       |   155 ||   155
  Dodge: Dodged            |    40 |    49 ||    89

Table legend: (Time is in decaauts)
 A = Elapsed time spent in this place.
 B = Non-inter-level travel time spent in this place.
 C = Inter-level travel time spent in this place.
 D = Time resting spent in this place.
 E = Time spent auto-exploring this place.
 F = Levels seen in this place.
 G = Mean time per level.
                   A        B        C        D        E       F      G
               +--------+--------+--------+--------+--------+-----+--------+
         Total |   3507 |   3343 |    164 |    353 |      0 |   5 |  701.4 |
       Dungeon |   3507 |   3343 |    164 |    353 |      0 |   5 |  701.4 |
               +--------+--------+--------+--------+--------+-----+--------+

Top non-repeatable levels by time:
     D:2: 1181 daAuts
     D:3: 1095 daAuts
     D:1: 923 daAuts
     D:7: 156 daAuts
     D:6: 150 daAuts
